Map: Cactus Valley LE (Void)

Players

MCanning

  • Race: Protoss Protoss
  • Spawn Location: 7:00

miwa - Winner!

  • Race: Zerg Zerg
  • Spawn Location: 5:00

Event: WCS Austin 2017

VOD

Have the link to the VOD?

Description

Time

  • Played on: April 28, 2017, 2:21 p.m.
  • Length: 10:44

All games in this series

Show
View Real Time Build Order
Export as new Build Order

MCanning Protoss 

Build Orders: 1 Gate Expand 

Get SALT Encoding   

  12  0:01  Probe (Chrono Boost)  
  13  0:11  Probe (Chrono Boost)  
  14  0:19  Pylon  
  14  0:22  Probe (Chrono Boost)  
  15  0:38  Probe (Chrono Boost)  
  15  0:39  Gateway  
  16  0:48  Probe (Chrono Boost)  
  16  0:49  Assimilator  
  17  0:59  Probe (Chrono Boost)  
  18  1:09  Probe (Chrono Boost)  
  19  1:20  Nexus  
  19  1:32  Cybernetics Core  
  19  1:34  Probe (Chrono Boost)  
  20  1:43  Assimilator  
  20  1:46  Zealot  
  22  1:59  Pylon  
  22  2:16  Zealot  
  22  2:18  Mothership Core (Chrono Boost)  
  22  2:20  Cybernetics Core  
  25  2:30  Pylon  
  25  2:31  Pylon  
  25  2:34  Gateway  
  25  2:37  Pylon  
  25  2:46  Gateway  
  25  3:05  Warp Gate  
  27  3:08  Gateway  
  25  3:14  Pylon  
  25  3:18  Sentry  
  27  3:32  Adept  
  24  3:43  Adept  
  17  5:03  Pylon  
  17  5:17  Pylon  
  17  5:19  Adept  
  20  5:32  Adept  
  21  5:38  Probe (Chrono Boost)  
  22  5:49  Probe (Chrono Boost)  
  23  6:00  Probe (Chrono Boost)  
  24  6:10  Probe (Chrono Boost)  
  25  6:21  Probe (Chrono Boost)  
  26  6:38  Nexus  
  26  6:44  Probe (Chrono Boost)  
  27  6:49  Sentry  
  29  6:55  Probe (Chrono Boost)  
  30  7:05  Assimilator, Probe (Chrono Boost)  
  31  7:16  Probe (Chrono Boost)  
  32  7:27  Probe (Chrono Boost)  
  33  7:30  Twilight Council  
  33  7:37  Probe (Chrono Boost)  
  33  7:40  Adept  
  36  7:48  Probe (Chrono Boost)  
  36  7:51  Stalker  
  38  7:58  Probe (Chrono Boost)  
  38  8:04  Sentry  
  38  8:07  Probe (Chrono Boost)  
  38  8:09  Probe (Chrono Boost)  
  40  8:18  Adept  
  38  8:30  Adept  
  38  8:35  Pylon  
  35  8:42  Adept  
  37  8:55  Adept  
  39  8:59  Pylon  
  39  9:05  Adept  
  39  9:09  Probe (Chrono Boost)  
  42  9:13  Assimilator  
  42  9:18  Assimilator  
  42  9:21  Adept  
  39  9:49  Zealot x2  
  31  9:53  Probe (Chrono Boost)  
  26  10:04  Pylon  
  26  10:11  Probe (Chrono Boost)  
  26  10:14  Adept x2  
  31  10:21  Probe (Chrono Boost)  
  32  10:32  Probe (Chrono Boost)  
Show
View Real Time Build Order
Export as new Build Order

miwa Zerg - Winner!

Build Orders: Pool First 

Get SALT Encoding   

  12  0:00  Drone  
  13  0:08  Drone  
  13  0:13  Extractor  
  13  0:30  Spawning Pool  
  13  0:34  Drone  
  13  0:37  Drone  
  14  0:50  Overlord  
  14  1:16  Zergling x4  
  14  1:17  Zergling x2  
  17  1:19  Metabolic Boost  
  17  1:28  Zergling x2  
  17  1:31  Queen  
  20  1:38  Zergling x2  
  21  1:49  Zergling x2  
  22  2:06  Overlord  
  22  2:20  Overlord  
  22  2:26  Zergling x2  
  23  2:32  Zergling x2  
  24  2:44  Zergling x6  
  27  2:49  Zergling x2  
  27  3:00  Zergling x2  
  28  3:07  Zergling x2  
  28  3:13  Zergling x2  
  28  3:16  Zergling x2  
  28  3:19  Zergling x2  
  32  3:20  Zergling x2  
  31  3:29  Zergling x2  
  28  3:46  Zergling x2  
  27  3:50  Zergling x2  
  27  4:01  Zergling x2  
  27  4:11  Zergling x2  
  23  4:25  Zergling x6  
  23  4:31  Zergling x2  
  26  4:38  Hatchery  
  26  4:42  Zergling x2  
  26  4:44  Queen  
  27  4:54  Zergling x6  
  30  5:01  Drone  
  30  5:10  Drone  
  30  5:15  Drone  
  30  5:16  Drone x2  
  32  5:22  Drone  
  32  5:28  Roach Warren  
  31  5:33  Drone  
  32  5:45  Drone x2  
  34  5:51  Overlord  
  34  5:55  Drone  
  34  5:57  Queen  
  34  6:02  Drone x2  
  34  6:04  Spore Crawler x2  
  37  6:08  Drone  
  37  6:15  Drone x2  
  37  6:16  Drone x2  
  41  6:22  Overlord  
  41  6:29  Drone  
  42  6:36  Roach x3  
  42  6:37  Roach  
  42  6:39  Roach  
  51  6:43  Roach  
  53  6:49  Overlord  
  53  6:51  Roach x2  
  57  7:01  Roach  
  57  7:05  Overlord  
  59  7:09  Roach x3  
  65  7:18  Ravager  
  65  7:20  Zergling x2  
  65  7:22  Overlord  
  67  7:27  Zergling x8  
  71  7:30  Ravager  
  71  7:32  Zergling x6  
  71  7:36  Overlord  
  75  7:42  Zergling x4  
  69  7:59  Zergling x8  
  69  8:00  Zergling x6  
  69  8:02  Ravager  
  69  8:04  Zergling x2  
  69  8:10  Zergling x4  
  65  8:29  Zergling x6  
  65  8:30  Zergling x8  
  65  8:38  Zergling x2  
  65  8:39  Lair  
  64  8:43  Zergling x2  
  64  8:48  Zergling x8  
  68  8:55  Zergling x6  
  67  9:04  Zergling x4  
  67  9:07  Drone  
  69  9:14  Drone  
  69  9:16  Extractor  
  69  9:21  Drone x5  
  69  9:22  Spine Crawler  
  69  9:23  Spine Crawler  
  67  9:24  Spine Crawler  
  63  9:33  Roach x2  
  63  9:34  Roach x2  
  66  9:41  Roach x2  
  66  9:52  Roach x2  
  55  10:04  Zergling x4  
  57  10:11  Overseer  
  57  10:13  Overseer  
  56  10:15  Zergling x4  
  56  10:17  Drone x2  
  56  10:18  Drone  
  56  10:20  Drone x3  
  64  10:21  Overseer  
  64  10:26  Drone  
  64  10:28  Drone  
  66  10:33  Extractor  
Tags
 
Add a new tag
Caveats
  • Supply blocks, unpowered buildings, or Contaminate may cause inaccurate times.
  • Supply counts are checked every 10 seconds.